 Dungeon Crawl Stone Soup version 0.17-a0-755-g4391640 (webtiles) character file.

162 SosiskaBagetyon the Slasher (level 5, -2/45 HPs)
             Began as a Hill Orc Fighter on Apr 22, 2015.
             Killed by nerve-wracking pain
             ... invoked by a shadow imp
             ... summoned by Natasha
              (3 damage)
             ... on level 3 of the Dungeon.
             The game lasted 00:04:36 (2328 turns).

SosiskaBagetyon the Slasher (Hill Orc Fighter)      Turns: 2328, Time: 00:04:37

Health: -2/45      AC:  0    Str: 14    XL:     5   Next: 43%
Magic:  5/5        EV: 17    Int:  8    God:
Gold:   166        SH:  0    Dex: 16    Spells: 0 memorised, 4 levels left

rFire  . . .     SeeInvis .     (weapon currently unavailable)
rCold  . . .     Clarity  .     (armour currently unavailable)
rNeg   . . .     SustAb   .     (shield currently unavailable)
rPois  .         Gourm    .     (helmet currently unavailable)
rElec  .         Spirit   .     (cloak currently unavailable)
rCorr  .         Warding  .     (gloves currently unavailable)
rMut   .         Stasis   .     (boots currently unavailable)
MR     .....                    (no amulet)
Stlth  +.........               (ring currently unavailable)
                                (ring currently unavailable)

@: bat-form, flying, very quick, not resistant to hostile enchantments, very
unstealthy
A: no striking features
a: no special abilities


You were on level 3 of the Dungeon.
You were not hungry.
You were in bat-form.
You visited 1 branch of the dungeon, and saw 4 of its levels.

You collected 166 gold pieces.

Inventory:

Hand weapons
 a - a +0 long sword (melded)
Armour
 b - a +0 scale mail
 c - a +0 shield (melded)
 n - a +0 cloak (melded)
 v - a +0 chain mail (melded)
Jewellery
 x - a ring of wizardry (melded)
Scrolls
 f - 2 scrolls of remove curse {unknown}
 g - 3 scrolls of magic mapping {unknown}
 i - a scroll of amnesia {unknown}
 j - a scroll of blinking {unknown}
 k - 3 scrolls of identify {unknown}
 m - 3 scrolls of enchant armour {unknown}
 s - a scroll of fog {unknown}
 t - a scroll of random uselessness {unknown}
 w - 2 scrolls of noise {unknown}
 y - a scroll of enchant weapon {unknown}
Potions
 d - a potion of might
 h - a potion of magic {unknown}
 l - a potion of haste {unknown}
 o - a potion of restore abilities {unknown}
 r - a potion of agility {unknown}
 u - a potion of cure mutation {unknown}
 z - a potion of resistance {unknown}
 A - a potion of poison {unknown}
 B - a potion of heal wounds {unknown}
Comestibles
 e - 3 bread rations
 p - a meat ration
 q - a beef jerky


   Skills:
 - Level 3.6 Fighting
 + Level 6.0 Long Blades
 - Level 3.2 Armour
 - Level 3.2 Shields


You had 4 spell levels left.
You didn't know any spells.

Dungeon Overview and Level Annotations

Branches:
Dungeon (4/15)
 Temple: D:4-7

Altars:
Dithmenos
Fedhas
The Shining One

Annotations:
D:3 Natasha


Message History

Natasha zaps a wand.
You resist with some effort. The shadow imp misses you.
You barely miss Natasha. The crimson imp completely misses you.
You hit Natasha but do no damage.
Natasha zaps a wand.
The shadow imp closely misses you. The crimson imp hits you.
You closely miss Natasha. Natasha claws you!
* * * LOW HITPOINT WARNING * * *
You barely miss Natasha. The shadow imp completely misses you.
The crimson imp barely misses you.
You barely miss Natasha.
Natasha zaps a wand.
Nothing appears to happen.
The shadow imp barely misses you.
You hit Natasha but do no damage. The crimson imp misses you.
You hit Natasha but do no damage.
Natasha zaps a wand.
The shadow imp hits you.
* * * LOW HITPOINT WARNING * * *
The crimson imp misses you.
You hit Natasha but do no damage. Natasha claws you!
* * * LOW HITPOINT WARNING * * *
You hit Natasha but do no damage. The shadow imp gestures at you.
Pain shoots through your body!
You die...

##...................# #.#
##########.#........#######.#
....# #)#.#.....###......#
###.######รท..........#.##########
#.#............###.#.##........
#.#.####...###.###.#.##.#######
#.....##................#
#.###.##..####5###.#.#### # #.#
#.....# #b###.#.# # #.###.##..#
#5h.....# # #.....##..# #.###.###
#####.####..####.# #.#
.................# #.#
###########.###### #.#
#.########.# #...)......#
############


You could see Natasha, a crimson imp and a shadow imp.

Vanquished Creatures
  Ijyb (D:3)
  Natasha (twice) (D:3)
  2 gnolls (D:3)
  An adder (D:2)
  A worm (D:2)
  2 giant geckos (D:4)
  6 orcs (D:3)
  A ball python (D:2)
  5 bats
  2 giant cockroaches
  5 goblins
  13 hobgoblins
  4 kobolds
  2 giant newts (D:1)
  6 jackals
  5 rats
58 creatures vanquished.

Notes
Turn   | Place    | Note
--------------------------------------------------------------
     0 | D:1      | SosiskaBagetyon, the Hill Orc Fighter, began the quest for the Orb.
     0 | D:1      | Reached XP level 1. HP: 19/19 MP: 1/1
   128 | D:1      | Reached XP level 2. HP: 19/26 MP: 2/2
   929 | D:2      | Reached XP level 3. HP: 29/31 MP: 3/3
  1011 | D:2      | Reached skill level 4 in Long Blades
  1423 | D:2      | Found a blossoming altar of Fedhas.
  1519 | D:3      | Found a shadowy altar of Dithmenos.
  1524 | D:3      | Found a glowing golden altar of the Shining One.
  1569 | D:3      | Reached XP level 4. HP: 39/39 MP: 4/4
  2000 | D:3      | Noticed Ijyb
  2002 | D:3      | Noticed Natasha
  2023 | D:3      | Killed Ijyb
  2023 | D:3      | Reached skill level 5 in Long Blades
  2031 | D:3      | Killed Natasha
  2031 | D:3      | Reached XP level 5. HP: 30/45 MP: 5/5
  2154 | D:3      | Noticed Natasha
  2168 | D:3      | Killed Natasha
  2306 | D:3      | Noticed Natasha
  2310 | D:3      | Reached skill level 6 in Long Blades
  2327 | D:3      | HP: 1/45 [Natasha (8)]
  2328 | D:3      | Killed from afar by a shadow imp

Action                   |  1- 3 |  4- 6 || total
-------------------------+-------+-------++-------
Melee: Long sword        |   124 |   109 ||   233
       Unarmed           |       |    14 ||    14
  Eat: Chunk             |     2 |     1 ||     3
       Bread ration      |       |     1 ||     1
